 Dungeon Crawl Stone Soup version 0.28.0-45-g0d030f2227 (webtiles) character file.

Game seed: 11245709359310951486

728 pkoi the Conjurer (level 7, -25/76 HPs)
             Began as a Demigod Conjurer on Apr 5, 2022.
             Killed from afar by an acid dragon (31 damage)
             ... with a splash of acid
             ... on level 5 of the Dungeon.
             The game lasted 00:07:07 (7561 turns).

pkoi the Conjurer (Demigod Conjurer)                Turns: 7561, Time: 00:07:07

Health: -25/76     AC: 15    Str:  8    XL:     7   Next: 20%
Magic:  2/15       EV:  2    Int: 28    God:
Gold:   143        SH:  0    Dex: 12    Spells: 2/13 levels left

rFire   . . .      SeeInvis .   n - +0 dagger (venom)
rCold   . . .      Faith    .   (no shield)
rNeg    . . .      Spirit   .   (armour currently unavailable)
rPois   +          Reflect  .   (helmet currently unavailable)
rElec   .          Harm     .   (cloak currently unavailable)
rCorr   .          Rampage  .   (gloves currently unavailable)
Will    +....      NoTele   +   (boots currently unavailable)
Stlth   ++........              (no amulet)
HPRegen 0.22/turn               d - ring of willpower
MPRegen 0.14/turn               g - ring of wizardry

@: tree-form, corroded, very slightly contaminated
A: stationary, stasis, torment immunity, boosted hp, high MP 1, forlorn, divine
attributes
a: no special abilities


You were on level 5 of the Dungeon.
You were a tree.
You visited 1 branch of the dungeon, and saw 5 of its levels.

You collected 143 gold pieces.

Inventory:

Hand Weapons
 c - a +0 dagger
 n - a +0 dagger of venom (weapon)
Missiles
 p - 4 datura-tipped darts
 q - 6 poisoned darts
Armour
 a - a +0 robe (melded)
 l - a scarf of repulsion
Jewellery
 d - a ring of willpower (left branch)
 f - a ring of flight
 g - a ring of wizardry (right branch)
Wands
 o - a wand of flame (18)
 r - a wand of polymorph (4)
Scrolls
 h - 4 scrolls of identify
 k - 2 scrolls of teleportation
 s - a scroll of noise {unknown}
Potions
 b - 2 potions of curing
 e - a potion of resistance
 j - a potion of flight {unknown}
 m - a potion of brilliance {unknown}


   Skills:
 + Level 0.4 Fighting
 + Level 2.0 Dodging
 - Level 1.7 Stealth
 + Level 3.7 Spellcasting
 * Level 6.5 Conjurations
 + Level 1.4 Hexes
 + Level 2.7 Translocations


You had 2 spell levels left.
You knew the following spells:

 Your Spells              Type           Power      Damage    Failure   Level
a - Magic Dart            Conj           100%       1d8       1%          1
b - Searing Ray           Conj           82%        2d7       1%          2
c - Iskenderun's Mystic   Conj/Tloc      31%        2d8       4%          4
d - Fulminant Prism       Conj/Hex       13%        3d9       6%          4

Your spell library contained the following spells:

 Spells                   Type           Power      Damage    Failure   Level
 Sandblast                Erth           10%        2d5       3%          1
 Passwall                 Tmut/Erth      4%         N/A       4%          2
 Dazzling Flash           Conj/Hex       54%        N/A       1%          3
 Stone Arrow              Conj/Erth      46%        3d9       2%          3


Dungeon Overview and Level Annotations

Branches:
Dungeon (5/15)
 Temple: D:4-7


Innate Abilities, Weirdness & Mutations

You are a tree.
Your roots penetrate the ground, keeping you stationary.
You cannot be teleported.
You are immune to unholy pain and torment.
Your maximum health is greatly increased.
Your equipment is partially melded.
You have an increased reservoir of magic. (+10% MP)
You shall have no god before yourself.
Your divine heritage dramatically boosts your attributes as you level up.


Message History

The acid dragon is knocked back by the mystic blast.
You hear an angry hiss.
Unknown command.
Casting: Iskenderun's Mystic Blast (dangerous; 4% risk of failure)
Confirm with . or Enter, or press ? or * to list all spells.
You don't have enough magic to cast this spell.
Unknown command.
Aiming: Polymorph
Press: ? - help, Shift-Dir - straight line, f - acid dragon
Aim: an acid dragon (severely wounded, will become a steam dragon, a wyvern, or a tengu, chance to affect: 49%)
The acid dragon resists with some effort.
Unknown command.
Okay, then.
Unknown command.
It was a potion of lignification.
You turn into a tree.
Your +0 robe melds into your body.
Your roots penetrate the ground.
The acid dragon spits acid at you. The splash of acid hits you.
* * * LOW HITPOINT WARNING * * *
The acid corrodes you!
You hear an angry hiss.
Aiming: Magic Dart (safe; 1% risk of failure)
Press: ? - help, Q - select action, (/) - cycle Shift-Dir - straight line, f/p - acid dragon
Aim: an acid dragon (severely wounded, catching its breath, 100% to hit)
The magic dart hits the acid dragon.
The acid dragon is almost dead.
Unknown command.
Aiming: Magic Dart (safe; 1% risk of failure)
Press: ? - help, Q - select action, (/) - cycle Shift-Dir - straight line, f/p - acid dragon
Aim: an acid dragon (almost dead, 100% to hit)
The magic dart hits the acid dragon.
The acid dragon is almost dead.
The acid dragon bites you!
* * * LOW HITPOINT WARNING * * *
The acid dragon claws you but does no damage.
You closely miss the acid dragon. Your punch misses the acid dragon.
The acid dragon is almost dead.
The acid dragon spits acid at you. The splash of acid hits you!!
You die...

?..... ##..# #####.
##')####...# ##..
##..........# ##...
#..........##
######..##
##.........#
#..##.####
####.....##
###........
#..########....<.....
##.####....###.......
#..♣D..#### ##......
#..##### #..#... #.##
##.###. #.## #..###
... #..# ...# ##.##
###. #..# #. ##.#
#.##


You could see an acid dragon (catching breath).

Vanquished Creatures
  A black bear (D:5)
  2 ogres
  A wyvern skeleton (D:5)
  2 centaur zombies (D:5)
  An orc priest (D:4)
  2 iguanas
  Natasha (thrice) (D:4)
  2 orc wizards (D:4)
  Robin (D:4)
  4 adders
  3 worms
  2 dart slugs
  7 orcs
  5 ball pythons
  5 bats
  12 endoplasms
  A giant cockroach (D:2)
  14 goblins
  4 hobgoblins (D:4)
  6 jackals
  7 kobolds
  3 quokkas (D:1)
  3 frilled lizards
  4 rats
95 creatures vanquished.

Vanquished Creatures (others)
  5 plants (D:1)
5 creatures vanquished.

Grand Total: 100 creatures vanquished

Notes
Turn   | Place    | Note
-------+----------+-------------------------------------------
     0 | D:1      | pkoi the Demigod Conjurer began the quest for the Orb.
     0 | D:1      | Reached XP level 1. HP: 14/14 MP: 5/5
   334 | D:1      | Reached XP level 2. HP: 20/20 MP: 4/7
  1798 | D:2      | Reached skill level 4 in Conjurations
  1798 | D:2      | Reached XP level 3. HP: 26/26 MP: 5/9
  2128 | D:2      | Learned a level 2 spell: Searing Ray
  3368 | D:3      | Reached XP level 4. HP: 33/33 MP: 7/11
  3915 | D:4      | Noticed Natasha
  3920 | D:4      | Killed Natasha
  3921 | D:4      | Reached skill level 5 in Conjurations
  4114 | D:4      | Noticed Robin
  4130 | D:4      | Noticed Natasha
  4138 | D:4      | Killed Natasha
  4248 | D:4      | Reached XP level 5. HP: 38/38 MP: 10/12
  4291 | D:4      | Killed Robin
  4432 | D:4      | Learned a level 4 spell: Iskenderun's Mystic Blast
  5157 | D:4      | Noticed Natasha
  5162 | D:4      | Killed Natasha
  5163 | D:4      | Reached skill level 1 in Translocations
  5664 | D:4      | Reached XP level 6. HP: 45/45 MP: 8/13
  5961 | D:4      | Reached skill level 6 in Conjurations
  6306 | D:4      | Learned a level 4 spell: Fulminant Prism
  6446 | D:5      | Entered Level 5 of the Dungeon
  6640 | D:5      | Reached skill level 1 in Hexes
  7108 | D:5      | Reached XP level 7. HP: 40/51 MP: 2/15
  7547 | D:5      | Noticed a wyvern
  7561 | D:5      | Killed from afar by an acid dragon

Illustrated notes

Levels and vault maps discovered:
D:1:      co_arrival_square_in_a_square_in_a_square, layout_basic,
          serial_forest, infiniplex_forest_end_3, infiniplex_forest_straight_3,
          infiniplex_forest_fountain, infiniplex_forest_lined_corner,
          infiniplex_forest_zigzag_2, infiniplex_forest_lined_corner,
          infiniplex_forest_clump_medium, infiniplex_forest_end_3
D:2:      layout_basic, dreamdust_ecumenical_altar_angels_and_demons,
          bh_walls_and_bars
D:3:      layout_rooms, mainiacjoe_overflow_concentric_impassable,
          kiku_gazebo_pond_becter, lemuel_tele_altar,
          nicolae_dithmenos_through_a_glass_darkly
D:4:      layout_loops_cross, uniq_robin, uniq_natasha
D:5:      kennysheep_big_flooded_room, layout_cave_pods, fiery_altar_vehumet,
          gammafunk_ghost_nasty_kobolds, uniq_eustachio

Skill      XL: |  1  2  3  4  5  6  7 |
---------------+----------------------+-----
Spellcasting   | 2 3 |  3.7
Conjurations   | 4 5 6 |  6.5
Translocations | 1 2 |  2.7
Hexes          | 1 |  1.4
Dodging        | 2 |  2.0
Fighting       | |  0.4
Stealth        | |  1.7

Action                   |  1- 3 |  4- 6 |  7- 9 || total
-------------------------+-------+-------+-------++-------
Melee: Unarmed           |     1 |       |       ||     1
       Dagger            |    27 |    16 |     1 ||    44
       Punch             |     1 |       |       ||     1
 Cast: Magic Dart        |    96 |    60 |     7 ||   163
       Searing Ray       |     1 |    14 |       ||    15
       Iskenderun's Myst |       |     6 |     4 ||    10
Evoke: Wand              |       |       |     1 ||     1
  Use: Scroll            |     5 |     1 |       ||     6
       Potion            |     1 |       |     1 ||     2
Armor: Robe              |     3 |     6 |       ||     9
       Skin              |       |       |     1 ||     1
Dodge: Dodged            |    15 |    23 |       ||    38
